 Dungeon Crawl Stone Soup version 0.29-a0-338-g1ff7896281 (webtiles) character file.

Game seed: 18088507892924726211

625 gamerneger the Chopper (level 7, -3/61 HPs)
             Began as a Hill Orc Fighter on Apr 18, 2022.
             Was an Initiate of Gozag.
             Slain by a black bear (5 damage)
             ... on level 5 of the Dungeon.
             The game lasted 00:48:54 (4415 turns).

gamerneger the Chopper (Hill Orc Fighter)           Turns: 4415, Time: 00:48:54

Health: -3/61      AC:  8    Str: 24    XL:     7   Next: 47%
Magic:  7/7        EV: 11    Int: 11    God:    Gozag
Gold:   231        SH:  0    Dex: 10    Spells: 4/6 levels left

rFire   + . .      SeeInvis +   a - +1 war axe
rCold   . . .      Faith    .   (no shield)
rNeg    . . .      Spirit   .   I - +2 leather armour "Vollif" {rF+ Will+ rCorr Str+3}
rPois   .          Reflect  .   J - +1 helmet {Int+3}
rElec   .          Harm     .   (no cloak)
rCorr   +          Rampage  .   (no gloves)
Will    ++...                   (no boots)
Stlth   +.........              (no amulet)
HPRegen 0.20/turn               x - ring of see invisible
MPRegen 0.10/turn               (no ring)

@: about to teleport
A: strong-willed 1
a: Renounce Religion, Potion Petition, Call Merchant, Bribe Branch


You were on level 5 of the Dungeon.
You worshipped Gozag.
Gozag was aware of your devotion.
You visited 1 branch of the dungeon, and saw 5 of its levels.

You collected 487 gold pieces.
You spent 198 gold pieces at shops.
You paid 58 gold pieces to Gozag.

Inventory:

Hand Weapons
 a - a +1 war axe (weapon)
 g - a +0 dagger
 q - a +0 short sword
 t - a +0 hunting sling
 v - a +0 short sword
 A - a +4 dire flail of protection
Missiles
 p - 2 boomerangs
 s - 116 stones
Armour
 b - a +0 scale mail
 c - a +0 buckler
 f - a +0 robe
 i - a +0 hat
 k - a +0 ring mail
 m - a +0 chain mail
 n - a +0 leather armour
 z - a +0 kite shield
 C - +0 pearl dragon scales
 I - the +2 leather armour "Vollif" (worn) {rF+ Will+ rCorr Str+3}
   (You found it on level 5 of the Dungeon)

   Str:       It affects your strength (+3).
   rF:        It protects you from fire.
   rCorr:     It protects you from acid and corrosion.
   Will:      It increases your willpower.
 J - a +1 helmet of intelligence (worn)
Jewellery
 x - a ring of see invisible (left hand)
 y - a ring of see invisible
Wands
 B - a wand of polymorph (15)
 E - a wand of iceblast (5)
Scrolls
 e - 2 scrolls of silence
 j - 3 scrolls of teleportation
 l - 2 scrolls of immolation
 o - 5 scrolls of identify
 r - a scroll of blinking
 D - a scroll of noise {unknown}
Potions
 d - a potion of might
 h - 2 potions of attraction
 u - a potion of curing {unknown}
 w - a potion of lignification
 F - a potion of degeneration {unknown}
 G - a potion of heal wounds
 H - a potion of brilliance {unknown}


   Skills:
 + Level 5.1 Fighting
 + Level 6.2 Axes
 + Level 5.8 Armour
 + Level 1.1 Dodging
 + Level 0.3 Stealth
 + Level 4.6 Shields


You had 4 spell levels left.
You knew the following spells:

 Your Spells              Type           Power      Damage    Failure   Level
a - Animate Skeleton      Necr           0%         N/A       36%         1
b - Pain                  Necr           0%         1d4       36%         1

Your spell library contained the following spells:

 Spells                   Type           Power      Damage    Failure   Level
 Conjure Flame            Conj/Fire      0%         6-21      75%         3
 Ignite Poison            Fire/Tmut/Pois 0%         N/A       75%         3
 Vampiric Draining        Necr           0%         2d6       75%         3
 Sticky Flame             Conj/Fire      0%         2d3       98%         4


Dungeon Overview and Level Annotations

Branches:
Dungeon (5/15)             Temple (0/1) D:5

Altars:
Gozag

Shops:
D:5 [


Innate Abilities, Weirdness & Mutations

You are strong-willed. (Will+)


Message History

You hit the black bear.
The black bear is almost dead.
The black bear bites you.
The black bear claws you but does no damage. x2
The black bear bites you. The black bear barely misses you.
The black bear claws you.
You closely miss the black bear.
The black bear is severely wounded.
The black bear misses you. The black bear closely misses you.
The black bear claws you.
You barely miss the black bear.
The black bear is severely wounded.
The black bear bites you.
The black bear claws you but does no damage. x2
The black bear bites you. The black bear barely misses you.
The black bear claws you but does no damage.
As you read the scroll of teleportation, it crumbles to dust.
You feel strangely unstable. The black bear barely misses you.
The black bear claws you but does no damage.
The black bear claws you.
The black bear attacks as you move away!
The black bear bites you!
* * * LOW HITPOINT WARNING * * *
The black bear closely misses you. The black bear barely misses you.
The black bear closely misses you. The black bear claws you.
* * * LOW HITPOINT WARNING * * *
The black bear misses you.
You closely miss the black bear.
The black bear is severely wounded.
The black bear bites you.
* * * LOW HITPOINT WARNING * * *
The black bear claws you but does no damage. x2
The black bear bites you but does no damage.
The black bear closely misses you.
The black bear claws you but does no damage.
You hit the black bear.
The black bear is severely wounded.
The black bear bites you.
You die...
Your body crumbles into a pile of gold.

#......'..∩..'.....# #.
#......###.###.....########.
#........#.#.............).)
#........#+#.............)..
#...........................
#...<.......................
.............................
..>.................########.
.......h@.......# #.
#######.........# #.
+.........# #. #.........# #.
########### #. #. #. #. #.


You could see a black bear (berserk).

Vanquished Creatures
  Edmund (D:4)
  Duvessa (D:4)
  An ogre (D:4)
  A scorpion (D:4)
  Dowan (D:4)
  An orc priest (D:5)
  A hound (D:4)
  4 gnolls
  4 adders
  A shadow imp (D:4)
  A worm (D:2)
  A dart slug (D:4)
  4 orcs
  3 ball pythons
  5 endoplasms
  3 giant cockroaches
  3 goblins
  7 hobgoblins
  6 jackals
  5 quokkas
  2 training dummies (D:4)
  4 bats
  5 frilled lizards
  9 kobolds
  A rat (D:2)
75 creatures vanquished.

Notes
Turn   | Place    | Note
-------+----------+-------------------------------------------
     0 | D:1      | gamerneger the Hill Orc Fighter began the quest for the
                  | Orb.
     0 | D:1      | Reached XP level 1. HP: 19/19 MP: 1/1
    53 | D:1      | Reached XP level 2. HP: 17/27 MP: 2/2
   458 | D:1      | Gained mutation: You are dopey. (Int -2) [potion of
                  | mutation]
   502 | D:1      | Reached skill level 3 in Axes
   533 | D:1      | Reached XP level 3. HP: 32/33 MP: 3/3
   814 | D:3      | Reached XP level 4. HP: 7/40 MP: 4/4
  2389 | D:3      | Found an opulent altar of Gozag.
  2417 | D:3      | Became a worshipper of Gozag Ym Sagoz the Greedy
  2430 | D:3      | Reached XP level 5. HP: 41/47 MP: 5/5
  2602 | D:3      | Found a faded altar of an unknown god.
  2747 | D:4      | Reached skill level 4 in Axes
  3081 | D:4      | Noticed Edmund
  3093 | D:4      | Killed Edmund
  3094 | D:4      | Reached skill level 5 in Axes
  3094 | D:4      | Reached XP level 6. HP: 55/55 MP: 6/6
  3130 | D:4      | Reached skill level 5 in Armour
  3155 | D:4      | Noticed Duvessa
  3155 | D:4      | Noticed Dowan
  3186 | D:4      | Killed Duvessa
  3187 | D:4      | Reached skill level 5 in Fighting
  3187 | D:4      | Reached skill level 1 in Dodging
  3187 | D:4      | Reached XP level 7. HP: 30/61 MP: 7/7
  3195 | D:4      | Killed Dowan
  3853 | D:4      | Reached skill level 6 in Axes
  4098 | D:5      | Entered Level 5 of the Dungeon
  4237 | D:5      | Lost mutation: You are dopey. (Int -2) [potion of mutation]
  4237 | D:5      | Gained mutation: You are strong-willed. (Will+) [potion of
                  | mutation]
  4261 | D:5      | Found a staircase to the Ecumenical Temple.
  4316 | D:5      | Identified the +2 leather armour "Vollif" {rF+ Will+ rCorr
                  | Str+3}
  4353 | D:5      | Found Rufeh's Armour Emporium.
  4358 | D:5      | Bought a +1 helmet of intelligence for 198 gold pieces
  4365 | D:5      | Learned a level 1 spell: Animate Skeleton
  4367 | D:5      | Learned a level 1 spell: Pain
  4414 | D:5      | HP: 1/61 [black bear (6)]
  4415 | D:5      | Slain by a black bear

Illustrated notes

Levels and vault maps discovered:
D:1:      lightli_arrival_windingriver, layout_rooms, serial_glass,
          glass_columns_c, glass_columns_a
D:2:      layout_loops_corners, chequers_serial_rivers_micro_c,
          kennysheep_small_spiral
D:3:      layout_rooms, grunt_gozag_breadcrumbs,
          hellmonk_ecumenical_altar_leap_of_faith
D:4:      dreamdust_elfheim, layout_layer_cave, uniq_edmund
D:5:      layout_gridville, temple_hall, serial_shops,
          nicolae_shop_hallway_plus, mrwooster_statue_mirror,
          minmay_shop_grid_forest

Skill      XL: |  1  2  3  4  5  6  7 |
---------------+----------------------+-----
Axes           | 3 5 6 |  6.2
Fighting       | 4 5 |  5.1
Armour         | 4 5 |  5.8
Shields        | 4 |  4.6
Dodging        | 1 |  1.1
Stealth        | |  0.3

Action                   |  1- 3 |  4- 6 |  7- 9 || total
-------------------------+-------+-------+-------++-------
Melee: War axe           |    61 |   141 |    73 ||   275
       Punch             |       |       |     2 ||     2
 Fire: Hunting sling     |       |       |     2 ||     2
 Cast: Pain              |       |       |     1 ||     1
  Use: Potion            |     4 |     3 |     2 ||     9
       Scroll            |     3 |     6 |     1 ||    10
 Stab: Distracted        |       |       |     1 ||     1
Armor: Scale mail        |    34 |       |       ||    34
       Chain mail        |     5 |    85 |     2 ||    92
       Skin              |       |    19 |     3 ||    22
       Pearl dragon scal |       |       |    22 ||    22
       Leather armour    |       |       |    17 ||    17
Dodge: Dodged            |    38 |    70 |    40 ||   148
Block: Buckler           |    20 |    20 |       ||    40
       Kite shield       |       |    33 |    34 ||    67

Table legend: (Time is in decaauts)
 A = Elapsed time spent in this place.
 B = Non-inter-level travel time spent in this place.
 C = Inter-level travel time spent in this place.
 D = Time resting spent in this place.
 E = Time spent auto-exploring this place.
 F = Levels seen in this place.
 G = Mean time per level.
                   A        B        C        D        E       F      G
               +--------+--------+--------+--------+--------+-----+--------+
         Total |   4542 |   4542 |      0 |    773 |   2174 |   5 |  908.4 |
       Dungeon |   4542 |   4542 |      0 |    773 |   2174 |   5 |  908.4 |
               +--------+--------+--------+--------+--------+-----+--------+

Top non-repeatable levels by time:
     D:4: 1399 daAuts
     D:2: 1298 daAuts
     D:3: 809 daAuts
     D:1: 706 daAuts
     D:5: 329 daAuts
